 Dungeon Crawl Stone Soup version 0.31-a0-198-g2ad674f65e (webtiles) character file.

Game seed: 7010988670980166959

1714233 PaperRat the Merry Tengu (level 27, 186/186 HPs)
             Began as a Tengu Hunter on June 24, 2023.
             Was an Elder of Fedhas.
             Escaped with the Orb
             ... and 3 runes on June 25, 2023!
             The game lasted 05:29:33 (64039 turns).

PaperRat the Merry Tengu (Tengu Hunter)            Turns: 64039, Time: 05:29:33

Health: 186/186    AC: 13    Str: 10    XL:     27
Magic:  36/36      EV: 46    Int: 14    God:    Fedhas [****..]
Gold:   1593       SH:  4    Dex: 31    Spells: 22/32 levels left

rFire   + + .        a - +6 longbow (heavy)
rCold   + + .        (shield currently unavailable)
rNeg    + . .        H - +2 robe {rC+ rF+}
rPois   +            f - +2 hood of the Assassin {Detect Stab+ Stlth++}
rElec   .            Y - +2 cloak {Will+}
rCorr   .            G - +2 pair of gloves
SInv    +            (boots unavailable)
Will    ++++.        t - amulet "Uruh" {rPois Regen+ SInv}
Stlth   ++           U - ring of willpower
HPRegen 1.31/turn    v - ring of the Everdark {rC+ rN+ Dex+4, =R}
MPRegen 0.25/turn

%: clarity
@: flying quickly and evasively, studying 2 skills, quick
A: beak, talons 3, nimble flight, large bone plates 1, clarity, deformed body,
fire resistance 1, weak 1
0: Orb of Zot
}: 3/15 runes: decaying, slimy, gossamer
a: Renounce Religion, Wall of Briars, Grow Ballistomycete, Overgrow


You escaped.
You worshipped Fedhas.
Fedhas was greatly pleased with you.
You visited 11 branches of the dungeon, and saw 52 of its levels.
You also visited: Sewer.

You collected 9004 gold pieces.
You spent 7411 gold pieces at shops.

Inventory:

Hand Weapons
 a - a +6 heavy longbow (weapon)
 s - a +2 hand crossbow of electrocution
 w - a +4 arbalest of flaming
Missiles
 D - 5 boomerangs of dispersal
 F - 5 curare-tipped darts (quivered)
 S - a throwing net {!f}
Armour
 f - the +2 hood of the Assassin (worn) {Detect Stab+ Stlth++}
   (You found it on level 2 of the Depths)

   Detect:    It allows the wearer to sense nearby creatures.
   Stab+:     It allows the wearer to make particularly effective stabbing
   attacks against helpless or unaware enemies with any weapon.
   Stlth:     It makes you much more stealthy.
 G - a +2 pair of gloves (worn)
 H - a +2 robe of resistance (worn)
 Y - a +2 cloak of willpower (worn)
Magical Staves
 W - the staff of Conversion {rElec rF+ Will+++ Str+2 Int-4 Air}
   (You found it on level 5 of the Pits of Slime)

   [staff of air]

   Base accuracy: +5 Base damage: 5 Base attack delay: 1.2 This weapon's minimum
   attack delay (0.6) is reached at skill level 12.
   Str:       It affects your strength (+2).
   Int:       It affects your intelligence (-4).
   rF:        It protects you from fire.
   rElec:     It insulates you from electricity.
   Air:       It increases the power of your Air spells.
   Will:      It greatly increases your willpower.
   It falls into the 'Staves' category.
   It is a one-handed weapon.
Jewellery
 h - the ring of Gapsohis {rF++ Str+6 Int+5 Dex-3}
   (You bought it in a shop on level 1 of the Depths)

   [ring of strength]

   Str:       It affects your strength (+6).
   Int:       It affects your intelligence (+5).
   Dex:       It affects your dexterity (-3).
   rF:        It greatly protects you from fire.
 r - a +6 ring of dexterity
 t - the amulet "Uruh" (around neck) {rPois Regen+ SInv}
   (You bought it in a shop on level 1 of the Orcish Mines)

   [amulet of regeneration]

   rPois:     It protects you from poison.
   SInv:      It lets you see invisible.
   Regen:     It increases your rate of health regeneration.
 v - the ring of the Everdark (right hand) {rC+ rN+ Dex+4, =R}
   (You took it off a deep elf zephyrmancer on level 1 of the Elven Halls)

   [ring of protection from cold]

   Dex:       It affects your dexterity (+4).
   rC:        It protects you from cold.
   rN:        It protects you from negative energy.
 K - a ring of resist corrosion
 U - a ring of willpower (left hand)
Wands
 b - a wand of iceblast (12)
 c - a wand of quicksilver (9)
 d - a wand of digging (13)
 n - a wand of charming (76)
 z - a wand of mindburst (35)
Scrolls
 i - 9 scrolls of vulnerability
 j - 7 scrolls of poison
 k - 9 scrolls of fear {@r4}
 m - a scroll of enchant armour
 y - 5 scrolls of butterflies {@r6}
 A - 3 scrolls of brand weapon
 I - 21 scrolls of teleportation {@r3}
 L - 8 scrolls of fog {@r2}
 M - 3 scrolls of immolation
 P - a scroll of silence
 T - 7 scrolls of blinking {@r5}
Potions
 e - 4 potions of ambrosia
 g - 9 potions of mutation {@q7}
 l - 8 potions of enlightenment {@q6}
 p - 10 potions of lignification
 q - 11 potions of brilliance {@q5}
 u - 2 potions of resistance
 x - 6 potions of haste {@q4}
 E - 13 potions of curing {@q1}
 J - 7 potions of heal wounds {@q2}
 N - 4 potions of invisibility
 O - 3 potions of magic
 Q - 2 potions of cancellation
Miscellaneous
 B - a phantom mirror
 C - a condenser vane
 V - a lightning rod (4/4)
 X - a box of beasts
 Z - a phial of floods


   Skills:
 + Level 22.5 Fighting
 O Level 27 Ranged Weapons
 - Level 4.0 Throwing
 - Level 11.0 Armour
 - Level 22.0 Dodging
 - Level 4.0 Stealth
 - Level 3.0 Spellcasting
 - Level 5.0 Hexes
 - Level 8.0 Translocations
 + Level 17.6 Invocations
 + Level 17.9 Evocations


You had 22 spell levels left.
You knew the following spells:

 Your Spells              Type           Power      Damage    Failure   Level
b - Portal Projectile     Hex/Tloc       40%        N/A       4%          3
q - Passage of Golubria   Tloc           24%        N/A       8%          4
t - Blink                 Tloc           48%        N/A       1%          2
z - Apportation           Tloc           48%        N/A       1%          1

Your spell library contained the following spells:

 Spells                   Type           Power      Damage    Failure   Level
 Slow                     Hex            64%        N/A       2%          1
 Momentum Strike          Conj/Tloc      26%        3d8       6%          2
 Manifold Assault         Tloc           24%        N/A       8%          4
 Confusing Touch          Hex            16%        N/A       9%          3
 Tukima's Dance           Hex            16%        N/A       9%          3
 Ensorcelled Hibernation  Hex/Ice        18%        N/A       12%         2
 Vhi's Electric Charge    Tloc/Air       26%        N/A       12%         3
 Volatile Blastmotes      Fire/Tloc      26%        2d12      12%         3
 Foxfire                  Conj/Fire      8%         2x1d4     22%         1
 Freeze                   Ice            8%         1d3       22%         1
 Magic Dart               Conj           8%         1d3       22%         1
 Necrotise                Necr           8%         1d4       22%         1
 Sandblast                Erth           4%         2d4       22%         1
 Shock                    Conj/Air       8%         1d3       22%         1
 Summon Small Mammal      Summ           8%         N/A       22%         1
 Dazzling Flash           Conj/Hex       18%        N/A       22%         3
 Passwall                 Tmut/Erth      1%         N/A       32%         2
 Poisonous Vapours        Pois/Air       4%         N/A       32%         2
 Searing Ray              Conj           4%         2d4       32%         2
 Iskenderun's Mystic Bla  Conj/Tloc      13%        2d5       38%         4
 Hailstorm                Conj/Ice       2%         3d3       54%         3
 Ignite Poison            Fire/Tmut/Pois 2%         N/A       54%         3
 Mephitic Cloud           Conj/Pois/Air  2%         N/A       54%         3
 Ozocubu's Armour         Ice            2%         N/A       54%         3
 Spider Form              Tmut/Pois      2%         N/A       54%         3
 Stone Arrow              Conj/Erth      4%         3d7       54%         3
 Swiftness                Air            2%         N/A       54%         3
 Vampiric Draining        Necr           2%         2d6       54%         3
 Anguish                  Hex/Necr       4%         N/A       58%         4
 Fulminant Prism          Conj/Hex       4%         3d5       58%         4
 Summon Forest            Summ/Tloc      6%         N/A       75%         5
 Dispersal                Tloc           12%        N/A       77%         6
 Airstrike                Air            1%         2d(1-17)  91%         4
 Animate Armour           Summ/Erth      4%         N/A       91%         4
 Animate Dead             Necr           2%         N/A       91%         4
 Ice Form                 Ice/Tmut       2%         N/A       91%         4
 Olgreb's Toxic Radiance  Pois           2%         N/A       91%         4
 Summon Ice Beast         Ice/Summ       2%         N/A       91%         4
 Summon Lightning Spire   Summ/Air       2%         N/A       91%         4
 Metabolic Englaciation   Hex/Ice        4%         N/A       91%         5
 Silence                  Hex/Air        4%         N/A       91%         5
 Summon Mana Viper        Hex/Summ       9%         N/A       91%         5
 Yara's Violent Unravell  Hex/Tmut       4%         3d4       91%         5
 Agony                    Necr           2%         N/A       99%         5
 Alistair's Intoxication  Tmut/Pois      1%         N/A       99%         5
 Arcjolt                  Conj/Air       1%         1d11      99%         5
 Blade Hands              Tmut           1%         N/A       99%         5
 Borgnjor's Vile Clutch   Necr/Erth      1%         N/A       99%         5
 Fireball                 Conj/Fire      1%         3d3       99%         5
 Freezing Cloud           Conj/Ice/Air   1%         6-21      99%         5
 Lee's Rapid Deconstruct  Erth           1%         3d4*      99%         5
 Death Channel            Necr           1%         N/A       100%        6
 Eringya's Noxious Bog    Tmut/Pois      1%         N/A       100%        6
 Leda's Unmaking          Conj/Erth      1%         9d1       100%        6
 Plasma Beam              Fire/Air       1%         2x1d11    100%        6
 Simulacrum               Ice/Necr       1%         N/A       100%        6
 Starburst                Conj/Fire      1%         6d3       100%        6
 Statue Form              Tmut/Erth      1%         N/A       100%        6
 Summon Cactus Giant      Summ           1%         N/A       100%        6
 Dragon Form              Tmut           1%         N/A       100%        7
 Monstrous Menagerie      Summ           1%         N/A       100%        7
 Storm Form               Tmut/Air       1%         N/A       100%        7
 Summon Hydra             Summ           1%         N/A       100%        7
 Discord                  Hex            8%         N/A       100%        8
 Disjunction              Tloc           12%        N/A       100%        8
 Ignition                 Fire           1%         3d3       100%        8
 Lehudib's Crystal Spear  Conj/Erth      1%         10d2      100%        8
 Maxwell's Capacitive Co  Air            1%         ∞         100%        8
 Dragon's Call            Summ           1%         N/A       100%        9


Dungeon Overview and Level Annotations

Branches:
Dungeon (15/15)            Temple (1/1) D:5            Lair (5/5) D:11
  Swamp (4/4) Lair:3       Spider (4/4) Lair:2        Slime (5/5) Lair:4
    Orc (2/2) D:9             Elf (3/3) Orc:2        Vaults (4/5) D:13
  Crypt (0/3) Vaults:2     Depths (4/4) D:15            Zot (5/5) Depths:4
  Sewer (visited)

Altars:
Ashenzari
Cheibriados
Dithmenos
Elyvilon
Fedhas
Gozag
Hepliaklqana
Kikubaaqudgha
Makhleb
Nemelex Xobeh
Okawaru
Qazlal
Ru
Sif Muna
Trog
Uskayaw
Vehumet
Wu Jian
Xom
Yredelemnul
Zin
The Shining One

Shops:
D:5 :=   D:8 [   D:13 *   Orc:1 (=*=   Orc:2 *?*[(   Elf:2 =:=*   Elf:3 **
Vaults:2 [   Depths:1 !=   Depths:4 [**

Portals:
Hell: Depths:1 Depths:2 Depths:3 Depths:4
Abyss: Depths:1 Depths:3
Pandemonium: Depths:1 Depths:2 Depths:4
Ziggurat: Depths:2
Trove: Elf:3 (give 2 scrolls of acquirement)


Innate Abilities, Weirdness & Mutations

You have a beak for a mouth.
You have claws for feet.
Your magical nature lets you fly swiftly and evasively.
You are partially covered in large bone plates. (SH +4)
You possess an exceptional clarity of mind.
Armour fits poorly on your strangely shaped body.
Your flesh is heat resistant. (rF+)
You are weak. (Str -2)


Message History

The arrow completely misses the sixfirhy.
The sixfirhy completely misses you. x3; You block the sixfirhy's attack.
You shoot an arrow. The arrow hits the sixfirhy!!!
The sixfirhy is almost dead.
The sixfirhy misses you. The sixfirhy completely misses you.
You shoot an arrow. The arrow barely misses the sixfirhy.
You shoot an arrow. The arrow hits the sixfirhy!!!
You kill the sixfirhy!
Fedhas accepts your kill.
(D) Dungeon (T) Temple (L) Lair (S) Swamp (N) Spider Nest (M) Slime Pits (O) Orcish Mines (E) Elven Halls (V) Vaults (C) Crypt (U) Depths (H) Hell (Z) Zot
Where to? (Enter - D:1 @ (x,y), ? - help)
There is a stone staircase leading up here.
You fly upwards.
There is a stone staircase leading down here.
Things that are here:
a +0 dagger; a +0 short sword You sense a monster nearby.
There is a stone staircase leading up here.
You fly upwards.
There is a stone staircase leading down here.
(D) Dungeon (T) Temple (L) Lair (S) Swamp (N) Spider Nest (M) Slime Pits (O) Orcish Mines (E) Elven Halls (V) Vaults (C) Crypt (U) Depths (H) Hell (Z) Zot
Where to? (Enter - D:1 @ (x,y), ? - help)
A neqoxec comes into view.
You shoot an arrow. The arrow misses the neqoxec.
You shoot an arrow. The arrow hits the neqoxec!!!
You kill the neqoxec!
Fedhas accepts your kill.
(D) Dungeon (T) Temple (L) Lair (S) Swamp (N) Spider Nest (M) Slime Pits (O) Orcish Mines (E) Elven Halls (V) Vaults (C) Crypt (U) Depths (H) Hell (Z) Zot
Where to? (Enter - D:1 @ (x,y), ? - help)
There is a staircase leading out of the dungeon here.
You have escaped!

## ###...........)##.....#.......
.###.............#####..##.......
......###........# #..##.######
..........#......#####..##.#
##........#.........##..##.######
##........##.###.........#......#
................................#
.......♣♣♣♣♣♣♣♣♣♣#.###..........#
......♣♣.....♣#.@♣.##....#......#
.....♣♣..........♣..............#
#.###♣....♣.♣...♣#.####..########
#..##♣.....⌠.....♣.## #..#
##..#♣....♣.♣....♣..###..#
##.#♣♣.........♣♣....#..###
#...♣♣.......♣♣..........##
###..♣♣♣...♣♣♣............#
##.......###.#..........#


There were no monsters in sight!

Vanquished Creatures
  the Royal Jelly (Slime:5)
  2 orbs of fire
  2 ancient liches (Zot:5)
  2 dread liches (Zot:5)
  Tiamat (Zot:1)
  6 Killer Klowns
  Bai Suzhen (Swamp:4)
  3 curse toes
  10 golden dragons
  A caustic shrike (Depths:3)
  Nikola (Spider:3)
  A bone dragon (Depths:4)
  A Tzitzimitl (Depths:2)
  4 electric golems
  11 tentacled monstrosities
  Jorgrun (D:15)
  A walking earthen tome (Depths:3)
  3 liches
  24 Orb Guardians
  2 deep elf master archers (Elf:3)
  A titan (Depths:3)
  15 acid blobs
  2 deep elf blademasters (Elf:3)
  8 quicksilver dragons
  6 sphinxes
  3 Executioners
  Frances (Spider:1)
  4 death cobs
  8 shadow dragons
  Donald (Spider:4)
  2 tengu reavers
  Roxanne (D:15)
  A fenstrider witch (Swamp:1)
  12 storm dragons
  9 rockslimes
  7 draconian knights
  7 azure jellies (Slime:5)
  9 fire giants
  3 draconian monks
  The ghost of Anon1729 the Tortoise, a journeyman MiMo of Uskayaw (D:15)
  10 vault wardens
  9 frost giants
  3 emperor scorpions
  2 ghost moths
  7 deep elf sorcerers
  3 draconian stormcallers
  3 draconian scorchers
  An iron dragon (Depths:3)
  A cacodemon (Depths:4)
  7 draconian annihilators
  7 draconian shifters
  A juggernaut zombie (Depths:3)
  3 deep elf elementalists (Elf:3)
  2 spriggan defenders (Depths:2)
  20 ironbound preservers
  19 stone giants
  3 war gargoyles
  A juggernaut skeleton (Depths:3)
  A reaper (D:13)
  12 quicksilver oozes
  A formless jellyfish (Slime:4)
  7 ironbound thunderhulks
  9 vampire knights
  7 green draconians
  10 very ugly things
  5 deep elf annihilators (Elf:3)
  13 dire elephants
  6 eleionomae
  The ghost of Magasuts the Blocker, a journeyman GnFi of Gozag (Lair:3)
  5 deep elf demonologists (Elf:3)
  6 black draconians
  10 red draconians
  2 lorocyprocas
  12 purple draconians
  A bunyip (Swamp:1)
  10 white draconians
  14 spark wasps
  17 yellow draconians
  A green death (D:5)
  An ettin (shapeshifter) (Depths:3)
  A blizzard demon (Depths:1)
  2 crystal guardians (Vaults:2)
  6 deep elf death magi (Elf:3)
  Josephine (D:9)
  12 fire dragons
  2 jiangshi (Depths:1)
  2 entropy weavers
  7 ettins
  7 deep elf high priests (Elf:3)
  3 rakshasas
  17 ice dragons
  10 great orbs of eyes
  8 yaktaur captains
  20 hydras
  3 peacekeepers
  The ghost of flestrin the Nimble, a journeyman KoTm of Hepliaklqana (D:10)
  4 ghost crabs
  A jorogumo (Spider:2)
  A catoblepas (Lair:5)
  19 centaur warriors
  8 vault guards
  12 ironbound frosthearts
  3 spriggan air magi
  A radroach (Spider:3)
  27 dancing weapons
  3 two-headed ogres
  4 tengu warriors
  9 deep troll shamans
  8 boulder beetles
  8 alligators
  A two-headed ogre (shapeshifter) (Depths:3)
  7 deep troll earth magi
  4 death yaks (Lair:5)
  A death scarab (Spider:4)
  6 demonic crawlers
  3 spriggan berserkers
  2 vampire magi
  A sun demon (Depths:4)
  A hell knight (Depths:3)
  2 soul eaters
  5 orc high priests (Orc:2)
  13 deep elf knights
  3 skysharks
  12 iron trolls
  A sixfirhy (D:3)
  9 pharaoh ants
  5 skeletal warriors
  3 fire crabs (Swamp:4)
  5 shadow wraiths (Depths:2)
  4 goliath frogs
  A golden dragon zombie (Depths:3)
  A quicksilver dragon simulacrum (Depths:3)
  9 orb spiders
  A sun moth (Spider:4)
  53 deep trolls
  4 glowing orange brains
  9 swamp dragons
  10 bog bodies
  A golden dragon skeleton (Depths:3)
  A flayed ghost (Depths:3)
  4 spriggan druids
  3 shadow demons (Depths:2)
  3 spectral wolf spiders (Spider:2)
  11 wizards
  8 orc knights
  19 ironbound convokers
  40 deep elf zephyrmancers
  2 wolf spider zombies (Spider:2)
  7 lindwurms
  5 phantasmal warriors
  2 steelbarb worms
  4 harpies (Vaults:1)
  18 deep elf archers
  37 deep elf pyromancers
  A frost giant zombie (Depths:3)
  A harpy (shapeshifter) (D:13)
  An orc sorcerer (Orc:2)
  6 necromancers
  26 wolf spiders
  32 ugly things
  7 cyclopes
  2 manticores
  2 will-o-the-wisps
  22 moths of wrath
  2 shining eyes (Slime:5)
  A salamander (shapeshifter) (D:14)
  A moth of wrath (shapeshifter) (D:11)
  An iron dragon skeleton (Depths:3)
  9 vault sentinels
  3 torpor snails
  4 rust devils
  14 elephants
  4 eyes of devastation
  3 orange demons
  A gargoyle (D:11)
  A black mamba (Lair:3)
  6 cane toads
  2 komodo dragons
  An unseen horror (shapeshifter) (D:15)
  7 kobold demonologists
  25 yaktaurs
  A hellion (Depths:1)
  4 rime drakes
  An efreet (D:13)
  7 tengu conjurers
  2 polar bears
  5 trolls
  A troll (shapeshifter) (D:15)
  2 golden dragon simulacra (Depths:3)
  12 hornets
  5 bloated husks
  3 meliai (Spider:1)
  12 tyrant leeches
  29 tarantellas
  9 wolf spider simulacra (Spider:2)
  9 blink frogs
  9 dream sheep
  2 fire giant simulacra (Vaults:3)
  58 slime creatures
  9 spriggans
  3 air elementals
  18 jumping spiders
  3 shadows
  7 water elementals
  10 wraiths
  28 yaks
  19 culicivoras
  2 ynoxinuls
  7 neqoxecs
  A yak (shapeshifter) (Depths:3)
  Grum (D:9)
  3 golden eyes (Slime:5)
  A golden eye (shapeshifter) (D:14)
  2 basilisks
  5 fire elementals (Elf:3)
  57 redbacks
  2 chaos spawn
  4 steam dragons
  10 vampire mosquitoes
  3 human simulacra
  A yaktaur simulacrum (Vaults:3)
  7 swamp worms
  7 wargs
  2 acid dragons
  13 water moccasins
  A floating eye (Depths:3)
  29 orc warriors
  12 swamp drakes
  A black bear (D:7)
  4 ogres
  13 wolves
  2 boggarts
  4 centaurs (D:15)
  A phantom (D:3)
  7 kobold brigands
  3 human zombies (Vaults:3)
  2 earth elementals
  7 bullfrogs
  A gnoll sergeant (D:8)
  11 wights
  3 killer bees (D:8)
  A troll skeleton (Swamp:4)
  2 howler monkeys
  An electric eel (D:12)
  A jelly (D:7)
  3 quasits (D:15)
  29 orc priests
  2 hounds
  An iguana (D:7)
  A gnoll bouda (D:5)
  A sleepcap (D:4)
  19 orc wizards
  15 gnolls
  4 river rats (Sewer)
  11 adders
  A shadow imp (D:7)
  4 white imps
  An ufetubus (D:6)
  3 worms
  2 dart slugs
  72 orcs
  10 endoplasms
  7 giant cockroaches
  10 goblins
  10 hobgoblins
  4 jackals
  35 kobolds
  8 quokkas
  9 ball pythons
  15 bats
  4 frilled lizards
  6 rats
  4 ballistomycete spores
  14 butterflies
1975 creatures vanquished.

Vanquished Creatures (collateral kills)
  3 orbs of fire (Zot:5)
  A juggernaut (Depths:4)
  3 Killer Klowns (Zot:5)
  A tentacled monstrosity (Zot:4)
  2 Orb Guardians (Zot:5)
  A titan (Vaults:4)
  An acid blob (Slime:5)
  3 death cobs
  A shadow dragon (Zot:4)
  4 storm dragons
  A draconian knight (Zot:5)
  An emperor scorpion (Spider:4)
  Louise (D:15)
  A draconian scorcher (Zot:5)
  A ghost moth (Spider:4)
  2 frost giants (Vaults:1)
  A deep elf sorcerer (Vaults:1)
  An orc warlord (Vaults:1)
  3 vault wardens (Vaults:1)
  2 draconian stormcallers (Zot:5)
  3 stone giants (Vaults:1)
  An ironbound thunderhulk (Vaults:1)
  An ironbound preserver (Vaults:1)
  A purple draconian (Zot:5)
  3 white draconians
  An ice dragon (Depths:4)
  4 centaur warriors
  An ironbound frostheart (Vaults:1)
  A dancing weapon (Elf:2)
  A two-headed ogre (D:6)
  A sun moth (Spider:4)
  2 deep trolls (Vaults:1)
  The ghost of Koushar the Nimble, a novice FeTm of Gozag (D:10)
  An orc knight (Orc:2)
  A vault sentinel (Vaults:1)
  A black mamba (Lair:5)
  2 cane toads
  2 yaktaurs (Vaults:1)
  A red devil (Depths:4)
  3 hornets
  3 blink frogs
  2 tarantellas
  A dream sheep (Lair:3)
  4 slime creatures (Vaults:1)
  A spriggan (Swamp:1)
  2 culicivoras
  A shadow (D:5)
  3 redbacks
  A chaos spawn (Depths:4)
  A steam dragon (D:6)
  A vampire mosquito (Lair:3)
  A water moccasin (Lair:5)
  3 wolves (Lair:2)
  A centaur (D:9)
  2 kobold brigands (D:12)
  13 killer bees
  An orc (D:10)
  2 kobolds (D:12)
  125 ballistomycete spores
234 creatures vanquished.

Vanquished Creatures (others)
  2 death cobs
  A draconian knight (Zot:1)
  2 green draconians
  A spark wasp (Spider:3)
  An ironbound convoker (Vaults:3)
  An orc sorcerer (Orc:2)
  3 moths of wrath
  A hornet (Spider:4)
  3 dream sheep (Lair:4)
  A spriggan (Swamp:4)
  An air elemental (Elf:3)
  A steam dragon (Swamp:4)
  A swamp drake (Swamp:4)
  A white imp (Vaults:2)
  24 ballistomycete spores
  6 foxfires
50 creatures vanquished.

Grand Total: 2259 creatures vanquished

Notes
Turn   | Place    | Note
-------+----------+-------------------------------------------
     0 | D:1      | PaperRat the Tengu Hunter began the quest for the Orb.
     0 | D:1      | Reached XP level 1. HP: 12/12 MP: 2/2
    95 | D:1      | Reached XP level 2. HP: 17/17 MP: 3/3
   329 | D:1      | Reached XP level 3. HP: 21/21 MP: 4/4
   613 | D:2      | You fall into a shaft and drop 1 floor!
   683 | D:3      | Reached skill level 5 in Ranged Weapons
   683 | D:3      | Reached XP level 4. HP: 27/27 MP: 5/5
  1387 | D:3      | Found a bloodstained altar of Trog.
  2518 | D:4      | Gained mutation: Your magical nature lets you fly swiftly
                  | and evasively. [Tengu growth]
  2518 | D:4      | Reached XP level 5. HP: 32/32 MP: 6/6
  2584 | D:4      | Noticed a phantom
  2800 | D:4      | Found a hide-covered altar of Uskayaw.
  2965 | D:4      | Found a glowing golden altar of the Shining One.
  3286 | D:3      | Killed a phantom
  3287 | D:3      | Reached skill level 6 in Ranged Weapons
  3377 | D:4      | Reached XP level 6. HP: 38/38 MP: 7/7
  3711 | D:4      | Found a glowing golden altar of the Shining One.
  3944 | D:4      | Found a hide-covered altar of Uskayaw.
  4265 | D:5      | Entered Level 5 of the Dungeon
  4412 | D:5      | Found an ornate altar of the Wu Jian Council.
  4738 | D:5      | Found Ibotinn's Self-Improvement Boutique.
  4920 | D:5      | Found a staircase to the Ecumenical Temple.
  4930 | Temple   | Entered the Ecumenical Temple
  5067 | Temple   | Became a worshipper of Fedhas Madash
  5222 | D:5      | Found Cuntigg's Jewellery Shop.
  5333 | D:5      | Reached skill level 7 in Ranged Weapons
  5494 | D:5      | Found a glowing silver altar of Zin.
  5802 | D:6      | Found a glowing drain.
  5806 | Sewer    | Entered a sewer
  5814 | Sewer    | Reached XP level 7. HP: 44/44 MP: 8/8
  5823 | Sewer    | Reached * piety under Fedhas
  6485 | D:6      | Reached ** piety under Fedhas
  6487 | D:6      | Noticed a shadow
  6591 | D:5      | Bought a ring of see invisible for 165 gold pieces
  6828 | D:6      | Noticed a steam dragon
  6839 | D:6      | Killed a steam dragon
  6840 | D:6      | Reached skill level 8 in Ranged Weapons
  6963 | D:6      | Noticed a two-headed ogre
  7231 | D:6      | Killed a two-headed ogre
  7232 | D:6      | Reached skill level 5 in Fighting
  7232 | D:6      | Reached XP level 8. HP: 31/51 MP: 6/10
  7827 | D:5      | Reached skill level 9 in Ranged Weapons
  7895 | D:5      | Killed a shadow
  7896 | D:5      | Reached XP level 9. HP: 52/55 MP: 8/12
  8037 | D:6      | Found a shimmering altar of Xom.
  8849 | D:7      | Found a sparkling altar of Nemelex Xobeh.
  8849 | D:7      | Found an ancient bone altar of Kikubaaqudgha.
  8850 | D:7      | Found a snail-covered altar of Cheibriados.
  9175 | D:7      | Reached skill level 1 in Evocations
  9177 | D:7      | Reached skill level 10 in Ranged Weapons
  9580 | D:8      | Reached skill level 5 in Dodging
  9932 | D:8      | Noticed a hornet
  9957 | D:8      | Killed a hornet
 10055 | D:8      | Found Boec's Armour Boutique.
 10090 | D:8      | Noticed a two-headed ogre
 10451 | D:8      | Killed a two-headed ogre
 10452 | D:8      | Reached XP level 10. HP: 63/63 MP: 8/14
 11130 | D:9      | Identified the +0 pair of boots of Going Fast {Str+3 Int+5
                  | Dex-2 SInv}
 11184 | D:8      | Reached skill level 1 in Armour
 11260 | D:9      | Found a sacrificial altar of Ru.
 11534 | D:9      | Reached skill level 11 in Ranged Weapons
 11659 | D:9      | Found a staircase to the Orcish Mines.
 11811 | D:9      | Noticed a kobold demonologist
 11839 | D:9      | Noticed a sixfirhy
 11845 | D:9      | Killed a kobold demonologist
 11846 | D:9      | Reached skill level 5 in Invocations
 12183 | D:9      | Reached *** piety under Fedhas
 12293 | D:9      | Noticed Grum
 12307 | D:9      | Killed Grum
 12308 | D:9      | Reached skill level 1 in Throwing
 12327 | D:9      | Reached XP level 11. HP: 46/68 MP: 16/16
 12580 | D:9      | Found an iron altar of Okawaru.
 12583 | D:9      | Found an opulent altar of Gozag.
 12586 | D:9      | Found a hazy altar of Hepliaklqana.
 12821 | D:10     | Entered Level 10 of the Dungeon
 12825 | D:10     | Noticed a two-headed ogre
 12839 | D:10     | Killed a two-headed ogre
 12857 | D:10     | Noticed a boulder beetle
 12872 | D:10     | Killed a boulder beetle
 12873 | D:10     | Reached skill level 12 in Ranged Weapons
 13744 | D:10     | Noticed a two-headed ogre
 13884 | D:10     | Killed a two-headed ogre
 14011 | D:10     | Found a basalt altar of Yredelemnul.
 14207 | D:10     | Reached **** piety under Fedhas
 14285 | D:11     | Noticed a centaur warrior
 14295 | D:11     | Killed a centaur warrior
 14306 | D:11     | Noticed a moth of wrath
 14317 | D:11     | Killed a moth of wrath
 14354 | D:11     | Noticed a wizard
 14371 | D:11     | Killed a wizard
 14386 | D:11     | Noticed a six-headed hydra
 15008 | D:10     | Killed a six-headed hydra
 15009 | D:10     | Reached XP level 12. HP: 74/75 MP: 15/18
 15232 | D:5      | Bought the ring of Agnosticism {rPois rN+} for 343 gold
                  | pieces
 15341 | D:11     | Found a staircase to the Lair.
 15753 | D:11     | Reached skill level 5 in Evocations
 15769 | D:11     | Found a runed translucent gate.
 15769 | D:11     | Found a runed translucent gate.
 15769 | D:11     | Found a runed translucent gate.
 15770 | D:11     | Noticed flestrin's ghost (journeyman KoTm)
 15771 | D:11     | Noticed Koushar's ghost (novice FeTm)
 15989 | D:10     | Killed flestrin's ghost
 16171 | D:10     | Killed Koushar's ghost
 16327 | Lair:1   | Entered Level 1 of the Lair of Beasts
 17917 | Lair:2   | Reached skill level 13 in Ranged Weapons
 18159 | Lair:2   | Reached skill level 10 in Dodging
 18309 | Lair:2   | Found a hole to the Spider Nest.
 18384 | Lair:2   | Reached XP level 13. HP: 81/81 MP: 20/20
 19063 | Lair:3   | Reached skill level 10 in Fighting
 19142 | Lair:3   | Found a staircase to the Swamp.
 19843 | Lair:4   | Found a runed translucent door.
 19944 | Lair:4   | Noticed Magasuts's ghost (journeyman GnFi)
 20197 | Lair:4   | Found a staircase to the Slime Pits.
 20602 | Lair:3   | Killed Magasuts's ghost
 20634 | Lair:4   | Reached skill level 14 in Ranged Weapons
 20706 | Lair:4   | Upgraded the game from 0.31-a0-196-g86fe4a5e66 to
                  | 0.31-a0-198-g2ad674f65e
 20707 | Lair:5   | Entered Level 5 of the Lair of Beasts
 20800 | Lair:5   | Reached skill level 5 in Armour
 21064 | Lair:5   | Reached skill level 10 in Invocations
 21317 | Lair:5   | Found a burning altar of Makhleb.
 21731 | Lair:5   | Learned a level 3 spell: Portal Projectile
 21733 | Lair:5   | Learned a level 1 spell: Apportation
 21736 | Lair:5   | Learned a level 2 spell: Blink
 21844 | Lair:5   | Reached XP level 14. HP: 90/90 MP: 18/22
 21875 | Lair:5   | Noticed a dire elephant
 21912 | Lair:5   | Killed a dire elephant
 22293 | Orc:1    | Entered Level 1 of the Orcish Mines
 22297 | Orc:1    | Noticed Josephine
 22315 | D:9      | Killed Josephine
 22884 | Orc:1    | Found Giaf's Jewellery Emporium.
 22900 | Orc:1    | Bought the amulet "Uruh" {rPois Regen+ SInv} for 590 gold
                  | pieces
 23015 | Orc:1    | Found Gutwokoa's Jewellery Emporium.
 23066 | Orc:1    | Found Faulad's General Store.
 23190 | Orc:2    | Entered Level 2 of the Orcish Mines
 23190 | Orc:2    | Found a staircase to the Elven Halls.
 23837 | Orc:2    | Found Etae's Antique Weapon Emporium.
 24239 | Orc:1    | Reached ***** piety under Fedhas
 24251 | Orc:1    | Found Ikeedaev's Antique Weapon Shop.
 25080 | Orc:2    | Reached skill level 15 in Ranged Weapons
 25291 | Orc:2    | Found Kosoets's Assorted Antiques.
 25294 | Orc:2    | Found Voitatiri's General Store.
 25295 | Orc:2    | Found Yrghewy's Antique Armour Boutique.
 25296 | Orc:2    | Found Selesoca's Magic Scroll Boutique.
 25411 | Orc:2    | Bought an ancient leather armour for 161 gold pieces
 25411 | Orc:2    | Identified the +3 leather armour "Bin Byg" {Fly rPois rN+}
                  | (You bought it in a shop on level 2 of the Orcish Mines)
 25411 | Orc:2    | Bought a glowing cloak for 172 gold pieces
 25436 | Orc:2    | Bought a pitted leather armour for 161 gold pieces
 25436 | Orc:2    | Identified the +0 leather armour "Digel" {Dex+3} (You
                  | bought it in a shop on level 2 of the Orcish Mines)
 26642 | D:13     | Found Julua's General Store.
 26650 | D:13     | Bought a scroll of enchant armour for 105 gold pieces
 26710 | D:13     | Reached XP level 15. HP: 96/96 MP: 23/23
 27001 | D:13     | Reached skill level 16 in Ranged Weapons
 27184 | D:13     | Found a gate to the Vaults.
 27711 | D:14     | Found a sparkling altar of Nemelex Xobeh.
 28396 | D:14     | Reached skill level 17 in Ranged Weapons
 28630 | D:15     | Entered Level 15 of the Dungeon
 28630 | D:15     | Identified Roxanne's Papyrus of the Lithosphere
 28630 | D:15     | Noticed Roxanne
 28640 | D:15     | Reached ****** piety under Fedhas
 28683 | D:15     | Found a transporter.
 28688 | D:15     | Noticed Anon1729's ghost (journeyman MiMo)
 28703 | D:15     | Found a transporter.
 28758 | D:15     | Noticed Louise
 28767 | D:15     | Killed Louise
 28887 | D:15     | Killed Roxanne
 29008 | D:15     | Noticed Jorgrun
 29039 | D:15     | Killed Jorgrun
 29040 | D:15     | Reached XP level 16. HP: 104/104 MP: 24/24
 29185 | D:15     | Found a staircase to the Depths.
 29472 | D:15     | Killed Anon1729's ghost
 29819 | Orc:2    | Bought a scroll of enchant weapon for 75 gold pieces
 29915 | Orc:1    | Bought a scroll of silence for 133 gold pieces
 30093 | Swamp:1  | Entered Level 1 of the Swamp
 30102 | Swamp:1  | Reached skill level 18 in Ranged Weapons
 31066 | Orc:2    | Bought a scroll of identify for 20 gold pieces
 31066 | Orc:2    | Bought a scroll of revelation for 75 gold pieces
 31742 | Swamp:2  | Noticed a fenstrider witch
 31764 | Swamp:1  | Killed a fenstrider witch
 32882 | Swamp:4  | Entered Level 4 of the Swamp
 32927 | Swamp:4  | Reached XP level 17. HP: 112/112 MP: 26/26
 33029 | Swamp:4  | Reached skill level 15 in Dodging
 33193 | Swamp:4  | Noticed a tentacled monstrosity
 33216 | Swamp:4  | Killed a tentacled monstrosity
 33245 | Swamp:4  | Reached skill level 10 in Evocations
 33366 | Swamp:4  | Got a decaying rune of Zot
 33386 | Swamp:4  | Reached skill level 15 in Fighting
 33598 | Swamp:4  | Noticed Bai Suzhen
 33608 | Swamp:4  | Killed Bai Suzhen
 34005 | Spider:1 | Entered Level 1 of the Spider Nest
 34049 | Spider:1 | Noticed Frances
 34068 | Spider:1 | Killed Frances
 34184 | Spider:1 | Identified the +1 rapier of Tuthrog {flame, rC+}
 34794 | Spider:1 | Reached skill level 1 in Translocations
 34846 | Spider:1 | Reached skill level 1 in Hexes
 35113 | Spider:2 | Reached XP level 18. HP: 79/120 MP: 28/28
 36408 | Spider:3 | Noticed Nikola
 36443 | Spider:3 | Killed Nikola
 36558 | Spider:3 | Reached skill level 1 in Spellcasting
 37158 | Spider:4 | Entered Level 4 of the Spider Nest
 37158 | Spider:4 | Noticed Donald
 37166 | Spider:4 | Killed Donald
 38100 | Spider:4 | Identified the +1 pair of gloves of the Planets {rF- Str+5}
 38120 | Spider:4 | Got a gossamer rune of Zot
 38634 | D:5      | Bought a manual of Fighting for 800 gold pieces
 38771 | Elf:1    | Entered Level 1 of the Elven Halls
 38973 | Elf:1    | Reached XP level 19. HP: 111/125 MP: 29/29
 39260 | Elf:1    | Identified the ring of the Everdark {rC+ rN+ Dex+4}
 39327 | Elf:1    | Got the Elucidation of Creation
 39460 | Elf:1    | Got the Excursus on Rime
 39627 | Elf:2    | Found Deppu's General Store.
 39815 | Elf:2    | Found a runed translucent gate.
 39819 | Elf:2    | Found a runed translucent gate.
 39820 | Elf:2    | Found a runed translucent gate.
 39911 | Elf:2    | Found Lovvioso's Jewellery Emporium.
 39911 | Elf:2    | Found Loforira's Book Shop.
 39912 | Elf:2    | Found Pymem's Jewellery Emporium.
 40342 | Elf:2    | Reached skill level 5 in Translocations
 40752 | Elf:3    | Entered Level 3 of the Elven Halls
 40852 | Elf:3    | Noticed an Ice Fiend
 40900 | Elf:3    | Found a portal to a secret trove of treasure.
 41349 | Elf:3    | Found Ankimm's Neck Hole.
 41359 | Elf:3    | Found Igagys's General Store.
 41613 | Elf:3    | Identified the +5 short sword of Qaopn {elec, *Noise rElec
                  | rN+ Will+}
 41647 | Elf:3    | Reached XP level 20. HP: 134/134 MP: 23/31
 41663 | Elf:3    | Reached skill level 5 in Hexes
 41664 | Elf:3    | Reached skill level 10 in Armour
 41961 | Elf:3    | Identified the +0 chain mail of Parsimonious Wonder {rC+
                  | Int+4 Slay-6}
 42002 | Elf:3    | Identified the +2 cloak "Yqeaq" {rN+ SInv}
 42326 | Vaults:1 | Entered Level 1 of the Vaults
 43012 | Vaults:1 | Reached XP level 21. HP: 82/144 MP: 32/32
 44191 | Vaults:2 | Reached skill level 19 in Ranged Weapons
 44569 | Vaults:2 | Found a staircase to the Crypt.
 44569 | Vaults:2 | Found a basalt altar of Yredelemnul.
 44570 | Vaults:2 | Found an ancient bone altar of Kikubaaqudgha.
 44739 | Vaults:2 | Found Katwurem's Antique Armour Shoppe.
 44747 | Vaults:2 | Bought a pair of embroidered gloves for 255 gold pieces
 45790 | Vaults:3 | Reached skill level 20 in Ranged Weapons
 46071 | Vaults:3 | Reached XP level 22. HP: 131/152 MP: 31/33
 47256 | Orc:2    | Bought a phantom mirror for 1160 gold pieces
 47257 | Orc:2    | Bought a scroll of blinking for 75 gold pieces
 47259 | Orc:2    | Bought a potion of heal wounds for 70 gold pieces
 49109 | Slime:1  | Entered Level 1 of the Pits of Slime
 49879 | Slime:5  | Entered Level 5 of the Pits of Slime
 50285 | Slime:5  | Noticed the Royal Jelly
 50309 | Slime:5  | Killed the Royal Jelly
 50310 | Slime:5  | Reached skill level 15 in Invocations
 50363 | Slime:5  | Reached XP level 23. HP: 117/160 MP: 18/35
 50405 | Slime:5  | Identified the +9 flail "PaperRat's Foe" {heavy, Str+3
                  | SInv}
 50417 | Slime:5  | Got Heitewka's Handbook of the Glacial Figure
 50430 | Slime:5  | Got a slimy rune of Zot
 50454 | Slime:5  | Identified the staff of Conversion {rElec rF+ Will+++ Str+2
                  | Int-4 Air}
 50487 | Slime:5  | Identified the ring "Peun" {EV+5 Int+3}
 50492 | Slime:5  | Got the Elucidation of Polytheism
 50866 | Elf:2    | Bought a potion of haste for 110 gold pieces
 50866 | Elf:2    | Bought a potion of mutation for 88 gold pieces
 50866 | Elf:2    | Bought a scroll of fear for 44 gold pieces
 50866 | Elf:2    | Bought a scroll of enchant armour for 82 gold pieces
 51147 | Depths:1 | Entered Level 1 of the Depths
 51208 | D:15     | Reached skill level 21 in Ranged Weapons
 51253 | Depths:1 | Found a gateway to Hell.
 51633 | Depths:1 | Found a one-way gate leading to the halls of Pandemonium.
 51878 | Depths:1 | Found a shadowy altar of Dithmenos.
 51913 | Depths:1 | Found Zouzokk's Jewellery Shoppe.
 51922 | Depths:1 | Found Otikkori's Distillery.
 52059 | Depths:1 | Found a one-way gate to the infinite horrors of the Abyss.
 52424 | Depths:2 | Found a one-way gateway to a ziggurat.
 53394 | Depths:2 | Reached skill level 22 in Ranged Weapons
 53406 | Depths:2 | Found the +2 hood of the Assassin {Detect Stab+ Stlth++}
 53407 | Depths:2 | Found the +5 robe of Night {Dark Will+ SInv}
 53408 | Depths:2 | Found a shadowy altar of Dithmenos.
 53642 | Depths:2 | Identified the +5 dagger "Paataph" {pain, rF+ Str+2 Int+3
                  | SInv}
 53904 | Depths:3 | Reached XP level 24. HP: 166/166 MP: 36/36
 53950 | Depths:3 | Reached skill level 15 in Evocations
 54072 | Depths:3 | Noticed a caustic shrike
 54085 | Depths:3 | Killed a caustic shrike
 54160 | Depths:3 | Identified the ring of Limitation {Fire Str+3 Int+3 SInv}
 54219 | Depths:3 | Paralysed by a floating eye for 4 turns
 54586 | Orc:1    | Bought a wand of quicksilver (8) for 470 gold pieces
 54833 | Depths:1 | Bought a potion of heal wounds for 105 gold pieces
 54833 | Depths:1 | Bought a potion of heal wounds for 105 gold pieces
 54833 | Depths:1 | Bought a potion of heal wounds for 105 gold pieces
 54837 | Depths:1 | Bought the ring of Gapsohis {rF++ Str+6 Int+5 Dex-3} for
                  | 1358 gold pieces
 55095 | Depths:3 | Got Sif Muna's Volume of Fuming Superposition
 55122 | Depths:3 | Identified the +0 pair of gloves of the Pirate {*Corrode
                  | rN+ Stlth+}
 55886 | Depths:4 | Entered Level 4 of the Depths
 56041 | Depths:4 | Reached skill level 23 in Ranged Weapons
 56233 | Depths:4 | Found Koagyt's General Store.
 56241 | Depths:4 | Bought a scroll of enchant weapon for 105 gold pieces
 56290 | Depths:4 | Found Firatifu's General Store.
 56295 | Depths:4 | Bought a potion of heal wounds for 95 gold pieces
 56295 | Depths:4 | Bought a wand of iceblast (4) for 182 gold pieces
 56300 | Depths:4 | Learned a level 4 spell: Passage of Golubria
 56329 | Depths:4 | Identified a scroll of acquirement
 56359 | Depths:4 | Noticed a juggernaut
 56368 | Depths:4 | Killed a juggernaut
 56565 | Depths:4 | Found a gate to the Realm of Zot.
 56817 | Depths:4 | Found Loskot's Antique Armour Emporium.
 56825 | Depths:4 | Bought a pair of glowing gloves for 202 gold pieces
 57208 | Zot:1    | Entered Level 1 of the Realm of Zot
 57210 | Zot:1    | Acquired 698 gold pieces
 57357 | Zot:1    | Noticed a curse toe
 57374 | Zot:1    | Killed a curse toe
 57773 | Zot:1    | Reached XP level 25. HP: 171/171 MP: 36/36
 57884 | Zot:1    | Reached skill level 24 in Ranged Weapons
 57980 | Zot:1    | Found the +4 dragonskin cloak
 57980 | Zot:1    | Noticed Tiamat
 58015 | Zot:1    | Killed Tiamat
 58624 | Zot:2    | Identified the +1 chain mail "Mevel" {rF+ rC- rCorr}
 59074 | Zot:2    | Reached skill level 25 in Ranged Weapons
 59848 | Zot:3    | Found a huge runed gate.
 59848 | Zot:3    | Found a huge runed gate.
 59848 | Zot:3    | Found a huge runed gate.
 59848 | Zot:3    | Found a huge runed gate.
 59848 | Zot:3    | Found a huge runed gate.
 59848 | Zot:3    | Found a huge runed gate.
 59850 | Zot:3    | Found a huge runed gate.
 59851 | Zot:3    | Found a huge runed gate.
 59854 | Zot:3    | Found a huge runed gate.
 59855 | Zot:3    | Found a huge runed gate.
 59864 | Zot:3    | Found a huge runed gate.
 59870 | Zot:3    | Reached skill level 26 in Ranged Weapons
 59870 | Zot:3    | Found a huge runed gate.
 59870 | Zot:3    | Found a huge runed gate.
 59871 | Zot:3    | Found a huge runed gate.
 59872 | Zot:3    | Found a huge runed gate.
 59873 | Zot:3    | Found a huge runed gate.
 59874 | Zot:3    | Found a huge runed gate.
 59875 | Zot:3    | Found a huge runed gate.
 59876 | Zot:3    | Found a huge runed gate.
 59884 | Zot:3    | Found a huge runed gate.
 59884 | Zot:3    | Found a huge runed gate.
 59884 | Zot:3    | Found a huge runed gate.
 59884 | Zot:3    | Found a huge runed gate.
 59884 | Zot:3    | Found a huge runed gate.
 59885 | Zot:3    | Found a huge runed gate.
 59886 | Zot:3    | Found a huge runed gate.
 59887 | Zot:3    | Found a huge runed gate.
 59888 | Zot:3    | Found a huge runed gate.
 59897 | Zot:3    | Found a huge runed gate.
 59897 | Zot:3    | Found a huge runed gate.
 59897 | Zot:3    | Found a huge runed gate.
 59897 | Zot:3    | Found a huge runed gate.
 59897 | Zot:3    | Found a huge runed gate.
 59901 | Zot:3    | Found a huge runed gate.
 59902 | Zot:3    | Found a huge runed gate.
 59903 | Zot:3    | Found a huge runed gate.
 60741 | Zot:4    | Noticed a Killer Klown
 60770 | Zot:4    | Killed a Killer Klown
 60833 | Zot:4    | Noticed a Killer Klown
 60840 | Zot:4    | Killed a Killer Klown
 60844 | Zot:4    | Noticed an orb of fire
 60855 | Zot:4    | Gained mutation: Your spells are a little easier to cast,
                  | but a little less powerful. [an orb of fire]
 60856 | Zot:4    | Gained mutation: Armour fits poorly on your strangely
                  | shaped body. [an orb of fire]
 60860 | Zot:4    | Killed an orb of fire
 60968 | Zot:4    | Reached skill level 27 in Ranged Weapons
 60999 | Zot:4    | Reached XP level 26. HP: 138/177 MP: 22/36
 61762 | Zot:5    | Entered Level 5 of the Realm of Zot
 62311 | Zot:5    | Noticed a dread lich
 62326 | Zot:5    | Killed a dread lich
 62346 | Zot:5    | Noticed a Killer Klown
 62404 | Zot:5    | Noticed a dread lich
 62407 | Zot:5    | Killed a dread lich
 62411 | Zot:5    | Noticed a Killer Klown
 62418 | Zot:5    | Killed a Killer Klown
 62420 | Zot:5    | Killed a Killer Klown
 62498 | Zot:5    | Noticed an orb of fire
 62503 | Zot:5    | Noticed an ancient lich
 62505 | Zot:5    | Killed an orb of fire
 62510 | Zot:5    | Killed an ancient lich
 62511 | Zot:5    | Noticed an orb of fire
 62515 | Zot:5    | Killed an orb of fire
 62515 | Zot:5    | Noticed an orb of fire
 62520 | Zot:5    | Gained mutation: You occasionally shout uncontrollably at
                  | your foes. [an orb of fire]
 62522 | Zot:5    | Killed an orb of fire
 62532 | Zot:5    | Noticed a Killer Klown
 62538 | Zot:5    | Killed a Killer Klown
 62538 | Zot:5    | Noticed an ancient lich
 62541 | Zot:5    | Killed an ancient lich
 62547 | Zot:5    | Noticed a Killer Klown
 62557 | Zot:5    | Killed a Killer Klown
 62562 | Zot:5    | Noticed a Killer Klown
 62565 | Zot:5    | Killed a Killer Klown
 62577 | Zot:5    | Noticed a Killer Klown
 62594 | Zot:5    | Killed a Killer Klown
 62597 | Zot:5    | Noticed a Killer Klown
 62598 | Zot:5    | Noticed an orb of fire
 62610 | Zot:5    | Killed an orb of fire
 62615 | Zot:5    | Killed a Killer Klown
 63047 | Zot:5    | Reached XP level 27. HP: 150/186 MP: 36/36
 63347 | Zot:5    | Lost mutation: Your spells are a little easier to cast, but
                  | a little less powerful. [potion of mutation]
 63347 | Zot:5    | Lost mutation: You occasionally shout uncontrollably at
                  | your foes. [potion of mutation]
 63347 | Zot:5    | Gained mutation: You sometimes lose your temper in combat.
                  | [potion of mutation]
 63347 | Zot:5    | Gained mutation: Your system is resistant to poisons.
                  | (rPois) [potion of mutation]
 63347 | Zot:5    | Gained mutation: You have sharp fingernails. [potion of
                  | mutation]
 63348 | Zot:5    | Lost mutation: Your system is resistant to poisons. (rPois)
                  | [potion of mutation]
 63348 | Zot:5    | Lost mutation: You have sharp fingernails. [potion of
                  | mutation]
 63348 | Zot:5    | Lost mutation: You sometimes lose your temper in combat.
                  | [potion of mutation]
 63348 | Zot:5    | Gained mutation: You possess an exceptional clarity of
                  | mind. [potion of mutation]
 63348 | Zot:5    | Gained mutation: You are partially covered in large bone
                  | plates. (SH +4) [potion of mutation]
 63348 | Zot:5    | Gained mutation: You are weak. (Str -2) [potion of
                  | mutation]
 63348 | Zot:5    | Gained mutation: Your flesh is heat resistant. (rF+)
                  | [potion of mutation]
 63444 | Zot:5    | Got the Orb of Zot
 63714 | D:14     | Noticed Xehuhati the pandemonium lord
 64039 | D:$      | Escaped with the Orb!

Illustrated notes

Levels and vault maps discovered:
D:1:      amcnicky_arrival_underground_garden, layout_rooms
D:2:      layout_rooms, serial_glass, glass_columns_a, glass_columns_a,
          glass_columns_a, glass_columns_c, glass_columns_a, glass_columns_a,
          minmay_misc_feat_iff, kennysheep_path_1, serial_bayou_lake_a,
          uniq_robin
D:3:      layout_loops_ring, lightli_temple_of_fire
D:4:      layout_basic, lemuel_coloured_pillars_altar, lemuel_round_altar,
          hex_intersection
D:5:      layout_loops_corners, mainiacjoe_overflow_tiny_flanked,
          amcnicky_altar_gilded, minmay_temple_entry_overgrown, serial_shops,
          shop, nicolae_shop_self_help
D:6:      layout_loops_corners, xom_butterflies, gup_sewer_entry_spiral,
          st_stairs_4
D:7:      layout_cave_pools, gammafunk_temple_overflow_claw
D:8:      layout_basic, serial_shops, nicolae_shop_window_shopping
D:9:      layout_long_grid, minmay_overflow_temple_star_quad,
          nicolae_overflow_hidden_temple, minmay_orc_entry_guard_dogs,
          st_stairs_8, uniq_grum
D:10:     layout_basic, yredelemnul_altar_generic, amcnicky_mini_pool_small,
          kennysheep_small_circle
D:11:     minmay_bloctagon_deflated, layout_rooms, erik_lair_orcish_takeover,
          gammafunk_ghost_cemetery
D:12:     layout_roguey, nicolae_kite_square_tiling_tiny,
          nicolae_figureground_sparkle
D:13:     minmay_isolated_rectangles_in_corner, layout_basic,
          skrybe_vaults_entry_preservation, serial_shops,
          nicolae_shop_tiny_waterfront
D:14:     layout_roguey, nemelex_lonely_heart_becter, elves_outpost_lemuel
D:15:     grunt_enter_depths_hoard, layout_rooms,
          hangedman_abyss_or_decor_passed, gammafunk_ghost_stat_death,
          uniq_louise, uniq_jorgrun, uniq_roxanne
Temple:   hellmonk_temple_beads
Lair:1:   layout_cave_pods, serial_bayou_pond_a, chequers_serial_rivers_large_a
Lair:2:   layout_big_grid, spider_nest_entry_web_field, lemuel_fruit_tree
Lair:3:   layout_cave_pods, minmay_swamp_entry_swarm
Lair:4:   layout_roguey, minmay_slime_entry_oklob_open,
          ebering_ghost_inner_flame
Lair:5:   grunt_lair_end_beastmaster, layout_regular_city, basic_altar,
          grunt_forest_large_clearings
Swamp:1:  layout_basic_swamp, nicolae_swamp_very_dense_foliage, swamp_pool5
Swamp:2:  layout_basic_swamp, nicolae_swamp_little_swirl, swamp_pool1
Swamp:3:  layout_basic_swamp, serial_swamp_ruin, evilmike_swamp_ruin_house_1,
          evilmike_swamp_ruin_house_3, evilmike_swamp_ruin_house_5
Swamp:4:  swamp_fiery, layout_basic_swamp, cheibrodos_swamp_minitomb,
          uniq_bai_suzhen
Spider:1: layout_spider_delve, uniq_frances
Spider:2: layout_cave_pods, nicolae_spider_undead_wolf_pack
Spider:3: layout_spider_delve, uniq_nikola
Spider:4: spider_rune_water, drop_trap, uniq_donald
Slime:1:  cheibrodos_slime_lost_civilization_2, layout_caves
Slime:2:  layout_caves
Slime:3:  layout_caves
Slime:4:  layout_caves
Slime:5
Orc:1:    layout_caves, serial_shops, nicolae_shop_trees,
          nicolae_shop_pleasant_corner_grove, shop,
          nicolae_shop_pleasant_corner_grove, uniq_josephine
Orc:2:    st_orc_pillars, layout_diamond_mine, serial_shops,
          nicolae_shop_waterfront
Elf:1:    elf_arrival_002, layout_geoelf_octagon, minmay_elf_sorcery
Elf:2:    elven_hall_of_blades_hangedman_original
          [nicolae_blade_entry_antechamber], layout_geoelf_octagon,
          serial_shops, nicolae_stop_n_shop_2, minmay_shop_grove
Elf:3:    minmay_elf_hall_quartered_circle, layout_loops_corners, enter_trove_3,
          serial_shops, shop, st_stairs_1, minivault_16,
          nicolae_shop_sticking_my_neck_out
Vaults:1: nicolae_vaults_closet_pinwheel_4, nicolae_vaults_variable_pillar_hall,
          nicolae_vaults_little_ls, nicolae_vaults_hexular_roomagon, v_misc_1,
          nicolae_vaults_weapon_check, dpeg_vaults_pockets_of_resistance,
          nicolae_vaults_border_crossing, nicolae_vaults_shelves_hall,
          v_pattern_2, nicolae_vaults_little_squares_1,
          nicolae_vaults_little_squares_2, hangedman_vaults_slice,
          nicolae_vaults_octothorpe, nicolae_vaults_trapezoid_lopsided_3,
          layout_vaults_big_room
Vaults:2: v_alt_pattern_6, serial_ice_b, nicolae_vaults_little_squares_6,
          nicolae_vaults_little_squares_2, minmay_crypt_entry_necro_gods,
          nicolae_vaults_puzzle_piece, v_misc_16,
          nicolae_vaults_doubleplus_tesselated, nicolae_vaults_alarming,
          vaults_dpeg_diagonal, ontoclasm_vaults_idyll,
          nicolae_vaults_trapezoid_lopsided_1, nicolae_vaults_trapezoid_3,
          layout_vaults_omnigrid, serial_shops, shop
Vaults:3: nicolae_vaults_triangles, ontoclasm_vaults_gallery,
          nicolae_vaults_network_star, nicolae_vaults_closet_pinwheel_2,
          nicolae_vaults_closet_pinwheel_1, nicolae_vaults_stairing_the_circle,
          vaults_room_door_hall, nicolae_vaults_offset_grid_hallway_1,
          nicolae_vaults_trapezoid_lopsided_1, v_misc_17,
          ontoclasm_vaults_gateway, ontoclasm_vaults_decontamination,
          nicolae_vaults_trapezoid_3, layout_vaults_omnibox
Vaults:4: nicolae_vaults_closet_pinwheel_6, v_rooms_6, ontoclasm_vaults_pinch,
          v_misc_33, nicolae_vaults_storage_closets_3, vaults_room_large_hall,
          nicolae_vaults_rhombus_5, ontoclasm_vaults_misaligned,
          nicolae_vaults_sealed_display, v_misc_19, hangedman_vaults_stitches,
          nicolae_vaults_shipping_containers_7, layout_vaults_big_cross
Depths:1: layout_forbidden_donut, abyss_entry, hell_entry,
          rand_demon_pan_entry_3, grunt_dithmenos_smoke_and_mirrors,
          minmay_shop_star
Depths:2: regret_index_dithmenos_brocken_genspenst, layout_gridlike,
          enter_ziggurat_e, hell_entry, rand_demon_pan_entry_7,
          serial_bayou_shore_a, minivault_11
Depths:3: minmay_the_grid_square_5x5_5x5 [minmay_the_grid_square_5x5_detours,
          minmay_the_grid_square_5x5_six, minmay_the_grid_square_5x5_n_small,
          minmay_the_grid_square_5x5_three, minmay_the_grid_square_5x5_percent,
          minmay_the_grid_square_5x5_bridge,
          minmay_the_grid_square_5x5_prize_snowflake,
          minmay_the_grid_square_5x5_checkered_sparse,
          minmay_the_grid_square_5x5_prize_open,
          minmay_the_grid_square_5x5_fat_x, minmay_the_grid_square_5x5_shrine1,
          minmay_the_grid_square_5x5_hourglass,
          minmay_the_grid_square_5x5_prize_rear_guard,
          minmay_the_grid_square_5x5_corner,
          minmay_the_grid_square_5x5_two_small, minmay_the_grid_square_5x5_v,
          minmay_the_grid_square_5x5_prize_gold,
          minmay_the_grid_square_5x5_empty,
          minmay_the_grid_square_5x5_prize_waves,
          minmay_the_grid_square_5x5_inset, minmay_the_grid_square_5x5_one_wall,
          minmay_the_grid_square_5x5_n, minmay_the_grid_square_5x5_plus,
          minmay_the_grid_square_5x5_pentomino_r,
          minmay_the_grid_square_5x5_almost_minimal], layout_long_grid,
          abyss_entry_crystal, nicolae_concentric_dashed_squares_wild,
          hell_entry
Depths:4: grunt_twist_and_shout, layout_gridlike, serial_shops,
          nicolae_shop_pleasant_corner_grove, shop, shop,
          grunt_pan_entry_spiral, hangedman_tar_grid_catacomb,
          hangedman_abyss_or_decor_slice, hangedman_abyss_or_decor_clamps,
          drop_trap
Zot:1:    layout_twisted_circle, uniq_tiamat, uniq_grunn
Zot:2:    layout_gridlike
Zot:3:    layout_misc_corridors, not_door_vault_mu, grunt_ministairs_5
Zot:4:    layout_gridlike, grunt_ministairs_12, st_stairs_3, zot_minivault_1
Zot:5:    layout_twisted_circle

Skill      XL: |  1  2  3  4  5  6  7  8  9 10 11 12 13 14 15 16 17 18 19 20 21 22 23 24 25 26 |
---------------+-------------------------------------------------------------------------------+-----
Stealth        | 2 3 4 |  4.0
Ranged Weapons | 5 6 7 8 9 10 11 12 13 14 15 17 18 20 22 23 27 | 27.0
Fighting       | 3 4 5 6 7 8 9 11 12 13 14 15 16 17 19 20 21 22 | 22.5
Dodging        | 3 4 6 8 10 12 13 14 16 17 18 19 20 22 | 22.0
Invocations    | 2 3 4 5 7 9 10 11 12 13 14 15 16 17 | 17.6
Evocations     | 3 4 6 8 9 10 11 12 13 14 16 17 | 17.9
Armour         | 4 6 8 9 11 | 11.0
Throwing       | 2 4 |  4.0
Translocations | 1 4 5 7 8 |  8.0
Hexes          | 1 3 4 5 |  5.0
Spellcasting   | 2 3 |  3.0

Action                     |  1- 3 |  4- 6 |  7- 9 | 10-12 | 13-15 | 16-18 | 19-21 | 22-24 | 25-27 || total
---------------------------+-------+-------+-------+-------+-------+-------+-------+-------+-------++-------
  Melee: Dagger            |       |     2 |     1 |       |       |       |       |       |       ||     3
         Peck              |       |       |     1 |       |       |     2 |       |       |       ||     3
         Arbalest          |       |       |       |       |       |     3 |       |       |       ||     3
         Kick              |       |       |       |       |       |     1 |       |       |       ||     1
   Fire: Shortbow          |    88 |   271 |   387 |   159 |       |       |       |       |       ||   905
         Orcbow            |       |       |       |   733 |   708 |       |       |       |       ||  1441
         Arbalest          |       |       |       |       |   767 |  1245 |  1007 |       |       ||  3019
         Longbow           |       |       |       |       |       |       |   182 |  1349 |   704 ||  2235
  Throw: Dart              |       |       |    47 |    46 |    56 |    32 |       |     2 |     4 ||   187
         Throwing net      |       |       |       |       |       |       |       |     1 |       ||     1
   Cast: Blink             |       |       |       |       |       |     1 |       |       |       ||     1
         Portal Projectile |       |       |       |       |       |       |     4 |     9 |    14 ||    27
 Invoke: Wall of Briars    |       |       |    10 |    18 |    21 |    28 |    24 |    34 |    30 ||   165
         Grow Ballistomyce |       |       |       |     1 |     5 |     5 |     6 |     3 |     5 ||    25
         Grow Oklob        |       |       |       |       |     1 |     2 |     3 |     2 |     9 ||    17
  Evoke: Wand              |       |       |     2 |     6 |     5 |    20 |     4 |     7 |    23 ||    67
         Piece from Xom's  |       |       |       |     3 |       |       |       |       |       ||     3
         Phial of floods   |       |       |       |       |     2 |     2 |       |       |       ||     4
         Condenser vane    |       |       |       |       |       |       |     1 |     2 |     3 ||     6
         Lightning rod     |       |       |       |       |       |       |       |     4 |     4 ||     8
    Use: Scroll            |     2 |    10 |     4 |     4 |     7 |    10 |     2 |    13 |    11 ||    63
         Potion            |       |       |       |     2 |     7 |     4 |     7 |     5 |    17 ||    42
 Armour: Leather armour    |    13 |    21 |    27 |       |       |    49 |       |       |       ||   110
         Steam dragon scal |       |       |    17 |    37 |    13 |       |       |       |       ||    67
         Troll leather arm |       |       |       |    36 |    65 |       |       |       |       ||   101
         Robe              |       |       |       |     8 |    25 |    35 |    53 |    47 |    29 ||   197
  Dodge: Dodged            |    23 |    45 |   114 |   289 |   768 |   766 |   672 |   921 |   423 ||  4021
  Block: Other             |       |       |       |       |       |       |       |       |    10 ||    10

Table legend: (Time is in decaauts)
 A = Elapsed time spent in this place.
 B = Non-inter-level travel time spent in this place.
 C = Inter-level travel time spent in this place.
 D = Time resting spent in this place.
 E = Time spent auto-exploring this place.
 F = Levels seen in this place.
 G = Mean time per level.
                   A        B        C        D        E       F      G
               +--------+--------+--------+--------+--------+-----+--------+
         Total |  59827 |  51126 |   8701 |   4012 |  19100 |  53 | 1128.8 |
       Dungeon |  21495 |  17231 |   4264 |   1357 |   4394 |  15 | 1433.0 |
        Temple |    162 |     88 |     74 |      0 |      0 |   1 |  162.0 |
          Lair |   5782 |   4827 |    955 |    205 |   2092 |   5 | 1156.4 |
         Swamp |   3075 |   2815 |    260 |    179 |   1326 |   4 |  768.8 |
   Spider Nest |   4223 |   3896 |    327 |    266 |   1766 |   4 | 1055.8 |
    Slime Pits |   1378 |   1223 |    155 |    121 |    236 |   5 |  275.6 |
  Orcish Mines |   2940 |   1940 |   1000 |     14 |    683 |   2 | 1470.0 |
   Elven Halls |   3268 |   2971 |    297 |    220 |   1535 |   3 | 1089.3 |
        Vaults |   5715 |   5171 |    544 |    349 |   2491 |   4 | 1428.8 |
        Depths |   5232 |   4865 |    367 |    422 |   2230 |   4 | 1308.0 |
           Zot |   5969 |   5516 |    453 |    761 |   2343 |   5 | 1193.8 |
         Sewer |    583 |    583 |      0 |    117 |      0 |   1 |  583.0 |
               +--------+--------+--------+--------+--------+-----+--------+

Top non-repeatable levels by time:
     D:9: 2703 daAuts
    D:10: 2635 daAuts
   Orc:2: 2154 daAuts
     D:6: 1928 daAuts
     D:4: 1786 daAuts
   Zot:5: 1592 daAuts
Vaults:2: 1574 daAuts
Vaults:1: 1564 daAuts
Depths:3: 1499 daAuts
  Lair:1: 1472 daAuts
     D:5: 1469 daAuts
    D:13: 1454 daAuts
Depths:2: 1452 daAuts
Vaults:3: 1388 daAuts
    D:11: 1333 daAuts
